 Dungeon Crawl Stone Soup version 0.22.1-2-g9c5b331383 (webtiles) character file.

165 Freyura the Magician (level 5, -1/35 HPs)
             Began as a Mummy Necromancer on Dec 3, 2018.
             Slain by a crimson imp (3 damage)
             ... on level 3 of the Dungeon.
             The game lasted 00:14:35 (3262 turns).

Freyura the Magician (Mummy Necromancer)            Turns: 3262, Time: 00:14:35

Health: -1/35      AC:  3    Str: 11    XL:     5   Next: 22%
Magic:  13/13      EV: 12    Int: 15    God:
Gold:   140        SH:  0    Dex: 13    Spells: 10/15 levels left

rFire    x . .     SeeInvis .   (no weapon)
rCold    + . .     Gourm    .   (no shield)
rNeg     + + +     Faith    .   a - +0 robe
rPois    ∞         Spirit   .   (no helmet)
rElec    .         Reflect  .   (no cloak)
rCorr    .         Harm     .   (no gloves)
MR       .....                  (no boots)
Stlth    ++........             (no amulet)
HPRegen  0.11/turn              e - +1 ring of protection
MPRegen  0.13/turn              (no ring)

@: no status effects
A: no food or potions, fire vulnerability, cold resistance 1, negative energy
resistance 3, torment resistance, unbreathing
a: no special abilities


You were on level 3 of the Dungeon.
You were not hungry.

You visited 1 branch of the dungeon, and saw 3 of its levels.

You collected 140 gold pieces.

Inventory:

Armour
 a - a +0 robe (worn)
Jewellery
 e - a +1 ring of protection (left hand)
 g - an uncursed ring of fire
Scrolls
 b - a scroll of blinking
 c - 2 scrolls of teleportation
 f - 4 scrolls of identify


   Skills:
 - Level 1.5 Dodging
 - Level 1.5 Stealth
 * Level 5.7 Spellcasting
 + Level 5.0 Necromancy


You had 10 spell levels left.
You knew the following spells:

 Your Spells              Type           Power        Failure   Level  Hunger
a - Pain                  Necr           ###.         1%          1    N/A
b - Animate Dead          Necr           N/A          19%         4    N/A

Your spell library contained the following spells:

 Spells                   Type           Power        Failure   Level  Hunger
 Animate Skeleton         Necr           N/A          1%          1    N/A
 Vampiric Draining        Necr           ###.......   6%          3    N/A
 Confusing Touch          Hex            #.....       16%         1    N/A
 Confuse                  Hex            #.......     41%         3    N/A
 Gell's Gravitas          Tloc           #.........   41%         3    N/A
 Petrify                  Tmut/Erth      #.......     83%         4    N/A
 Metabolic Englaciation   Hex/Ice        #.........   99%         5    N/A
 Yara's Violent Unravell  Hex/Tmut       #.........   99%         5    N/A
 Regeneration             Chrm/Necr      Unusable     N/A         3    N/A

Dungeon Overview and Level Annotations

Branches:
Dungeon (3/15)

Altars:
Qazlal
Zin


Innate Abilities, Weirdness & Mutations

You do not eat or drink.
Your flesh is vulnerable to fire.
You are immune to poison.
Your flesh is cold resistant. (rC+)
You are immune to negative energy. (rN+++)
You are immune to unholy pain and torment.
You can survive without breathing.


Message History

The crimson imp summons a swarm of flies.
The crimson imp blinks!
The crimson imp blinks!
The crimson imp spits at you.
You hit the crimson imp but do no damage.
The crimson imp hits you but does no damage.
You hit the crimson imp but do no damage.
The crimson imp hits you but does no damage.
You closely miss the crimson imp. The crimson imp hits you.
* * * LOW HITPOINT WARNING * * *
You barely miss the crimson imp. The crimson imp closely misses you.
You barely miss the crimson imp. The crimson imp closely misses you.
You closely miss the crimson imp.
The crimson imp blinks!
The crimson imp completely misses you.
You closely miss the crimson imp.
The crimson imp blinks!
The crimson imp puffs mist at you. The crimson imp misses you.
You hit the crimson imp but do no damage.
The crimson imp hits you.
You die...

#.# ♣ #.# .
#.# ♣ ♣ #.#
♣♣ .. ♣ #.#
♣.♣. ♣ #.#
♣... ♣♣ #.#
..♣ ♣.
#5#♣(♣ ♣.
#@...♣ ♣♣.
#.#♣♣♣ ♣♣Z.
#.# ♣.Z♣
#.# ♣♣Z.♣
#.# ♣..♣♣
#.# ♣♣♣
♣..♣ #.#
♣.♣ ♣♣.♣♣
#)# ♣♣♣.♣
♣..♣ #.#
♣♣...♣♣♣..♣


You could see a crimson imp.

Vanquished Creatures
  Jessica (D:2)
  Terence (D:2)
  4 gnolls (D:3)
  2 adders (D:2)
  A worm (D:2)
  4 dart slugs
  A leopard gecko (D:3)
  4 giant cockroaches (D:1)
  7 goblins
  3 hobgoblins
  A jackal (D:1)
  7 kobolds
  2 quokkas
  5 bats
  A jackal skeleton (D:3)
  7 rats
51 creatures vanquished.

Notes
Turn   | Place    | Note
-------+----------+-------------------------------------------
     0 | D:1      | Freyura the Mummy Necromancer began the quest for the Orb.
     0 | D:1      | Reached XP level 1. HP: 13/13 MP: 4/4
   161 | D:1      | Reached XP level 2. HP: 3/19 MP: 0/6
  1077 | D:1      | Reached XP level 3. HP: 24/24 MP: 5/8
  1621 | D:2      | Noticed Jessica
  1645 | D:2      | Killed Jessica
  1645 | D:2      | Reached XP level 4. HP: 30/30 MP: 0/10
  1651 | D:2      | Learned a level 4 spell: Animate Dead
  1804 | D:2      | Found a glowing silver altar of Zin.
  1806 | D:2      | Noticed Terence
  1812 | D:2      | Killed Terence
  1812 | D:2      | Reached skill level 5 in Spellcasting
  2374 | D:3      | Found a stormy altar of Qazlal.
  2472 | D:3      | Reached XP level 5. HP: 35/35 MP: 4/13
  2508 | D:3      | Reached skill level 5 in Necromancy
  3235 | D:3      | HP: 1/35 [crimson imp (4)]
  3252 | D:3      | HP: 1/35 [crimson imp (2)]
  3262 | D:3      | Slain by a crimson imp

Skill      XL: |  1  2  3  4  5 |
---------------+----------------+-----
Spellcasting   | 3 4 5 |  5.7
Necromancy     | 5 |  5.0
Dodging        | |  1.5
Stealth        | |  1.5

Action                   |  1- 3 |  4- 6 || total
-------------------------+-------+-------++-------
Melee: Unarmed           |     3 |    94 ||    97
 Cast: Pain              |    71 |    40 ||   111
       Animate Dead      |       |     2 ||     2
  Use: Scroll            |     2 |     2 ||     4
Armor: Robe              |     3 |    18 ||    21
Dodge: Dodged            |     4 |    53 ||    57
